 Dungeon Crawl Stone Soup version 0.17.1-1-g73c8601 (webtiles) character file.

616 Alreadydead the Changer (level 7, -1/52 HPs)
             Began as a Green Draconian Transmuter on Dec 26, 2015.
             Was an Initiate of Cheibriados.
             Slain by a phantom (8 damage)
             ... on level 4 of the Dungeon.
             The game lasted 00:16:48 (6125 turns).

Alreadydead the Changer (DrTm)                      Turns: 6125, Time: 00:16:48

Health: -1/52      AC:  8    Str: 13    XL:     7   Next: 21%
Magic:  3/12       EV: 12    Int: 14    God:    Cheibriados [......]
Gold:   163        SH:  0    Dex: 15    Spells: 4 memorised, 1 level left

rFire  . . .     SeeInvis .       - Unarmed
rCold  . . .     Clarity  .     (armour unavailable)
rNeg   + . .     SustAt   .     (no shield)
rPois  +         Gourm    .     (helmet restricted)
rElec  .         Spirit   .     p - +1 cloak {+Inv}
rCorr  .         Warding  .     (no gloves)
rMut   .         Stasis   .     (no boots)
MR     .....                    (no amulet)
Stlth  +.........               (no ring)
                                d - ring of positive energy

@: very slow, not resistant to hostile enchantments, very unstealthy
A: breathe noxious fumes, unfitting armour, poison resistance, cold-blooded, AC
+6
a: Breathe Noxious Fumes, Bend Time, Renounce Religion, Evoke Invisibility


You were on level 4 of the Dungeon.
You worshipped Cheibriados.
Cheibriados was noncommittal.
You were hungry.

You visited 2 branches of the dungeon, and saw 5 of its levels.
You also visited: Sewer.

You collected 163 gold pieces.

Inventory:

Missiles
 a - 9 arrows
Armour
 p - a +1 cloak of invisibility (worn)
Jewellery
 d - a ring of positive energy (left hand)
Wands
 j - a wand of teleportation (2)
 l - a wand of slowing (22)
Scrolls
 f - a scroll of magic mapping
Potions
 e - 5 potions of heal wounds
 g - 2 potions of flight
 h - a potion of cure mutation
 k - a potion of agility {unknown}
 m - 2 potions of poison {unknown}
 o - 7 potions of curing {unknown}
 q - a potion of might {unknown}
 u - a potion of ambrosia {unknown}
Books
 b - a book of Changes

   Spells                             Type                      Level
   a - Beastly Appendage              Transmutation                1
   b - Sticks to Snakes               Transmutation                2
   c - Spider Form                    Transmutation/Poison         3
   d - Ice Form                       Ice/Transmutation            4
   e - Blade Hands                    Transmutation                5
 n - a book of Transfigurations

   Spells                             Type                      Level
   a - Stoneskin                      Transmutation/Earth          2
   b - Irradiate                      Conjuration/Transmutation    5
   c - Statue Form                    Transmutation/Earth          6
   d - Hydra Form                     Transmutation                6
   e - Dragon Form                    Transmutation                7
Comestibles
 c - 4 bread rations
 i - 2 meat rations
 r - 4 fruits
 s - a chunk of flesh


   Skills:
 - Level 1.1 Fighting
 - Level 1.7 Dodging
 - Level 3.0 Unarmed Combat
 - Level 3.3 Spellcasting
 + Level 7.4 Transmutations


You had one spell level left.
You knew the following spells:

 Your Spells              Type           Power        Failure   Level  Hunger
a - Beastly Appendage     Trmt           ###...       1%          1    #......
b - Sticks to Snakes      Trmt           ###.......   1%          2    ##.....
c - Spider Form           Trmt/Pois      ##........   14%         3    ###....
d - Blade Hands           Trmt           ###.......   30%         5    ######.


Dungeon Overview and Level Annotations

Branches:
Dungeon (4/15)             Temple (1/1) D:4

Altars:
Ashenzari
Cheibriados
Dithmenos
Elyvilon
Fedhas
Nemelex Xobeh
The Shining One

Annotations:
D:4 Menkaure


Innate Abilities, Weirdness & Mutations

You can breathe blasts of noxious fumes.
Your lurid green scales are hard (AC +6).
Your body does not fit into most forms of armour.
Your system is resistant to poisons.
You are cold-blooded and may be slowed by cold attacks.


Message History

The crimson imp lashes its tail.
The crimson imp blinks!
Menkaure calls on the powers of darkness!
Your body is wracked with pain!
* * * LOW HITPOINT WARNING * * *
Unknown command.
Drink which item? (? for menu, Esc to quit)
You feel much better.
The phantom hits you but does no damage.
Menkaure hits you!
Unknown command.
The phantom hits you. Menkaure hits you!!
* * * LOW HITPOINT WARNING * * *
Menkaure calls on the powers of darkness!
Your body is wracked with pain!
* * * LOW HITPOINT WARNING * * *
The phantom closely misses you.
Menkaure giggles, "These cerements are ticklish..."
The phantom hits you!
You die...

#.....##...##...##....##
#.....##[.......##....###
.>.....))........#.......
......##..§##....#......
......##..§##...##)...##
......#.§§§.5...##....#
..M...#.§§§##...##....#
......##§§§##..M##..<.##... #####
......##§§§##..W@...........#....
...........#................#....
.....5.....#..........##....##...
........?..##...##....# ... #...
...........##...##....##. .. #...
............#...'........ .. ####
............#...#.....##... #...
............#...#.....##.. ##...
....##...##...#......... #....


You could see a phantom, Menkaure and a crimson imp.

Vanquished Creatures
  An ogre (D:4)
  A big kobold (Sewer)
  A hound (D:4)
  Crazy Yiuf (D:3)
  An orc priest (D:3)
  Jessica (D:2)
  Terence (D:2)
  An orc wizard (D:4)
  10 adders
  An ooze (Sewer)
  A worm (D:2)
  4 giant geckos
  2 orcs
  3 ball pythons
  13 giant cockroaches
  6 goblins
  9 hobgoblins
  7 jackals
  A quokka (D:2)
  16 bats
  4 giant newts
  A jackal skeleton (D:4)
  19 kobolds
  10 rats
115 creatures vanquished.

Vanquished Creatures (collateral kills)
  An ogre (D:3)
  A big kobold (Sewer)
  An orc wizard (D:3)
  A worker ant (D:4)
  An adder (D:2)
  4 orcs
  2 hobgoblins
  3 kobolds
  A giant newt (D:3)
15 creatures vanquished.

Grand Total: 130 creatures vanquished

Notes
Turn   | Place    | Note
--------------------------------------------------------------
     0 | D:1      | Alreadydead the Draconian Transmuter began the quest for the Orb.
     0 | D:1      | Reached XP level 1. HP: 16/16 MP: 3/3
   164 | D:1      | Reached XP level 2. HP: 23/23 MP: 5/5
   338 | D:1      | Learned a level 2 spell: Sticks to Snakes
   902 | D:1      | Reached XP level 3. HP: 26/28 MP: 6/6
  1026 | D:2      | Learned a level 3 spell: Spider Form
  1525 | D:2      | Reached skill level 4 in Transmutations
  1762 | D:2      | Reached XP level 4. HP: 22/35 MP: 1/7
  2064 | D:2      | Found a shadowy altar of Dithmenos.
  2084 | D:2      | Noticed Jessica
  2095 | D:2      | Killed Jessica
  2595 | D:2      | Reached skill level 5 in Transmutations
  2728 | D:3      | Noticed an ogre
  2748 | D:3      | Noticed Terence
  2785 | D:2      | Killed Terence
  2785 | D:2      | Reached XP level 5. HP: 40/40 MP: 0/8
  2868 | D:3      | Found a glowing drain.
  3082 | D:3      | Killed an ogre
  3191 | Sewer    | Entered a sewer
  3278 | Sewer    | Reached skill level 6 in Transmutations
  3700 | Sewer    | Reached XP level 6. HP: 41/47 MP: 2/10
  3723 | Sewer    | Learned a level 5 spell: Blade Hands
  4477 | D:3      | Found a shattered altar of Ashenzari.
  4922 | D:4      | Reached skill level 7 in Transmutations
  4988 | D:3      | Your scales start taking on a lurid green colour.
  4988 | D:3      | Gained mutation: Your system is resistant to poisons. [Green Draconian growth]
  4988 | D:3      | Reached XP level 7. HP: 4/52 MP: 2/12
  5311 | D:3      | Noticed Crazy Yiuf
  5323 | D:3      | Killed Crazy Yiuf
  5554 | D:4      | Found a staircase to the Ecumenical Temple.
  5563 | Temple   | Entered the Ecumenical Temple
  5589 | Temple   | Became a worshipper of Cheibriados the Contemplative
  5952 | D:4      | Noticed Menkaure
  6125 | D:4      | Slain by a phantom

Action                   |  1- 3 |  4- 6 |  7- 9 || total
-------------------------+-------+-------+-------++-------
Melee: Unarmed           |   183 |   292 |    53 ||   528
 Cast: Sticks to Snakes  |     6 |    32 |     8 ||    46
       Spider Form       |     1 |     5 |     3 ||     9
 Abil: End Transformatio |       |     1 |       ||     1
  Use: Scroll            |     8 |     4 |     1 ||    13
       Potion            |       |       |     2 ||     2
 Stab: Distracted        |     1 |       |     1 ||     2
       Sleeping          |       |       |     1 ||     1
  Eat: Chunk             |     3 |     9 |     3 ||    15
       Bread ration      |       |     1 |       ||     1
       Beef jerky        |       |       |     1 ||     1
